 Dungeon Crawl Stone Soup version 0.27-a0-1177-g245c70e1c0 (webtiles) character file.

Game seed: 3728231843630770161

58 jasper the Skirmisher (level 3, -1/29 HPs)
             Began as a Demonspawn Wanderer on May 16, 2021.
             Slain by a wyvern skeleton (10 damage)
             ... on level 2 of the Dungeon.
             The game lasted 00:04:01 (1789 turns).

jasper the Skirmisher (Demonspawn Wanderer)         Turns: 1789, Time: 00:04:01

Health: -1/29      AC:  6    Str: 10 (11) XL:     3   Next: 75%
Magic:  6/6        EV:  8    Int: 14 (17) God:
Gold:   90         SH:  3    Dex:  9 (10) Spells: 6/6 levels left

rFire    . . .     SeeInvis .   g - +2 dagger (venom)
rCold    . . .     Faith    .   j - +0 buckler
rNeg     . . .     Spirit   .   k - +0 scale mail
rPois    .         Reflect  .   (no helmet)
rElec    .         Harm     .   (no cloak)
rCorr    .         Rampage  .   (no gloves)
Will     .....                  (no boots)
Stlth    ..........             (no amulet)
HPRegen  0.09/turn              (no ring)
MPRegen  0.20/turn              (no ring)

@: no status effects
A: magic regeneration
a: no special abilities


You were on level 2 of the Dungeon.
You visited 1 branch of the dungeon, and saw 2 of its levels.

You collected 90 gold pieces.

Inventory:

Hand Weapons
 a - a +2 short sword
 g - a +2 dagger of venom (weapon)
Missiles
 e - a throwing net
 h - 9 stones (quivered)
Armour
 b - a +0 leather armour
 d - a +0 robe
 j - a +0 buckler (worn)
 k - a +0 scale mail (worn)
Magical Staves
 i - a staff of air


   Skills:
 + Level 3.5 Fighting
 - Level 2.6 Short Blades
 - Level 1.0 Dodging
 * Level 2.0 Shields
 - Level 2.0 Spellcasting
 - Level 1.0 Translocations


You had 6 spell levels left.
You didn't know any spells.
Your spell library was empty.

Dungeon Overview and Level Annotations

Branches:
Dungeon (2/15)

Altars:


Innate Abilities, Weirdness & Mutations

You regenerate magic rapidly.


Message History

An adder comes into view.
The adder hisses angrily.
The adder moves out of view.
The adder barely misses you.
Your +2 dagger of venom begins to drip with poison!
g - a +2 dagger of venom (weapon)
The adder bites you but does no damage.
You hit the adder.
The adder is lightly wounded.
The adder barely misses you.
You barely miss the adder.
The adder is lightly wounded.
The adder bites you.
You take 2 damage, and have 15/29 hp.
You hit the adder.
The adder is poisoned.
The adder is heavily wounded.
The adder barely misses you. The adder bites you.
You take 1 damage, and have 14/29 hp.
You closely miss the adder.
The adder is heavily wounded.
The adder closely misses you.
You kill the adder!
Your Shields skill increases to level 2!
You see here a +0 ring mail.
You hit the wyvern skeleton.
The wyvern skeleton is heavily damaged.
You block the wyvern skeleton's attack.
You barely miss the wyvern skeleton.
The wyvern skeleton is heavily damaged.
The wyvern skeleton bites you!
* * * LOW HITPOINT WARNING * * *
You take 7 damage, and have 8/29 hp.
MASSIVE DAMAGE!!
You hit the wyvern skeleton.
The wyvern skeleton is heavily damaged.
You block the wyvern skeleton's attack.
You feel better. The wyvern skeleton bites you!
You hit the wyvern skeleton.
The wyvern skeleton is heavily damaged.
The wyvern skeleton bites you!
You die...

#.#...#.##.# ###
#.#.###.##.##
##.##.......##..#######
.......................
##.####.##.............
........##.####.#####.##
...#######.# #........#
#####......# #..####..#
....#.###### #.@#
##.##.# #.Z## #.##.#
#.[.# #.##.# #.#w##
#....# #.#..# #.####
#.##.# # #### #.##.# .#
.. .... #.##.##.#....
.... #............


You could see a worm and a wyvern skeleton.

Vanquished Creatures
  A gnoll (D:1)
  2 adders (D:2)
  3 bats (D:1)
  An endoplasm (D:1)
  A giant cockroach (D:1)
  A goblin (D:1)
  2 hobgoblins (D:1)
  10 jackals (D:1)
  A kobold (D:1)
  A quokka (D:2)
  A ball python (D:1)
  2 frilled lizards (D:1)
  A rat (D:1)
27 creatures vanquished.

Notes
Turn   | Place    | Note
-------+----------+-------------------------------------------
     0 | D:1      | jasper the Demonspawn Wanderer began the quest for the Orb.
     0 | D:1      | jasper set off with the following items: a +2 short sword,
                  | a potion of lignification, a potion of curing, a +0 robe
     0 | D:1      | Reached XP level 1. HP: 15/15 MP: 3/3
   315 | D:1      | Reached skill level 2 in Fighting
   318 | D:1      | Gained mutation: You regenerate magic rapidly. [demonic
                  | ancestry]
   318 | D:1      | Reached XP level 2. HP: 17/22 MP: 5/5
   999 | D:1      | Reached skill level 3 in Fighting
   999 | D:1      | Reached XP level 3. HP: 20/29 MP: 6/6
  1789 | D:2      | Slain by a wyvern skeleton

Illustrated notes

Levels and vault maps discovered:
D:1:      scummos_arrival_forest, layout_basic, amethyst_killhole
D:2:      layout_basic, uniq_sigmund, uniq_crazy_yiuf_cottage

Skill      XL: |  1  2  3 |
---------------+----------+-----
Fighting       | 2 3 |  3.5
Shields        | 2 |  2.0
Short Blades   | |  2.6
Dodging        | |  1.0
Spellcasting   | |  2.0
Translocations | |  1.0

Action                   || total
-------------------------++-------
Melee: Short sword       ||    77
       Dagger            ||    26
Throw: Throwing net      ||     1
  Use: Potion            ||     4
Armor: Skin              ||    10
       Robe              ||    19
       Scale mail        ||     4
       Leather armour    ||     2
Dodge: Dodged            ||    52
Block: Buckler           ||     3

Table legend: (Time is in decaauts)
 A = Elapsed time spent in this place.
 B = Non-inter-level travel time spent in this place.
 C = Inter-level travel time spent in this place.
 D = Time resting spent in this place.
 E = Time spent auto-exploring this place.
 F = Levels seen in this place.
 G = Mean time per level.
                   A        B        C        D        E       F      G
               +--------+--------+--------+--------+--------+-----+--------+
         Total |   1782 |   1750 |     32 |    779 |    663 |   2 |  891.0 |
       Dungeon |   1782 |   1750 |     32 |    779 |    663 |   2 |  891.0 |
               +--------+--------+--------+--------+--------+-----+--------+

Top non-repeatable levels by time:
     D:1: 1414 daAuts
     D:2: 368 daAuts
